 Dungeon Crawl Stone Soup version 0.29-a0-330-g52719c12eb (webtiles) character file.

Game seed: 15610808487967742064

127 kae the Firebug (level 4, 0/35 HPs)
             Began as a Demigod Fire Elementalist on Apr 21, 2022.
             Slain by an orc
             ... wielding a +0 flail
              (6 damage)
             ... on level 3 of the Dungeon.
             The game lasted 00:01:08 (3179 turns).

kae the Firebug (Demigod Fire Elementalist)         Turns: 3179, Time: 00:01:09

Health: 0/35       AC:  3    Str:  9    XL:     4   Next: 56%
Magic:  3/10       EV: 12    Int: 21    God:
Gold:   82         SH:  0    Dex: 14    Spells: 5/8 levels left

rFire   . . .      SeeInvis .   h - +0 dagger
rCold   . . .      Faith    .   (no shield)
rNeg    . . .      Spirit   .   a - +1 robe
rPois   .          Reflect  .   (no helmet)
rElec   .          Harm     .   (no cloak)
rCorr   .          Rampage  .   (no gloves)
Will    .....                   (no boots)
Stlth   ++........              (no amulet)
HPRegen 0.11/turn               (no ring)
MPRegen 0.12/turn               (no ring)

@: brilliant, very slightly contaminated
A: high MP 1, forlorn, divine attributes
a: no special abilities


You were on level 3 of the Dungeon.
You visited 1 branch of the dungeon, and saw 3 of its levels.

You collected 82 gold pieces.

Inventory:

Hand Weapons
 h - a +0 dagger (weapon)
Armour
 a - a +1 robe (worn)
Scrolls
 d - a scroll of teleportation
 j - a scroll of immolation {unknown}
Potions
 b - a potion of magic
 c - a potion of heal wounds
 e - a potion of attraction
 g - a potion of ambrosia {unknown}
 i - a potion of invisibility {unknown}


   Skills:
 + Level 1.6 Fighting
 - Level 1.7 Dodging
 - Level 1.7 Stealth
 + Level 2.5 Spellcasting
 + Level 1.9 Conjurations
 * Level 3.8 Fire Magic


You had 5 spell levels left.
You knew the following spells:

 Your Spells              Type           Power      Damage    Failure   Level
a - Foxfire               Conj/Fire      88%        2x1d8     4%          1
b - Scorch                Fire           56%        2d8       4%          2

Your spell library contained the following spells:

 Spells                   Type           Power      Damage    Failure   Level
 Conjure Flame            Conj/Fire      22%        6-21      13%         3
 Inner Flame              Hex/Fire       16%        N/A       19%         3
 Flame Wave               Conj/Fire      22%        2d7       38%         4
 Fulminant Prism          Conj/Hex       5%         3d7       67%         4
 Iskenderun's Mystic Bla  Conj/Tloc      10%        2d4       67%         4
 Lee's Rapid Deconstruct  Erth           1%         3d5*      98%         5


Dungeon Overview and Level Annotations

Branches:
Dungeon (3/15)


Innate Abilities, Weirdness & Mutations

You have an increased reservoir of magic. (+10% MP)
You shall have no god before yourself.
Your divine heritage dramatically boosts your attributes as you level up.


Message History

The orc priest mumbles some strange prayers to Beogh against you.
Pain shoots through your body!
An adder comes into view.
An orc comes into view. It is wielding a +0 flail.
The orc priest hits you with a +0 hand axe.
Casting: Scorch (safe; 4% risk of failure)
Confirm with . or Enter, or press ? or * to list all spells.
You feel a surge of power!
Flames lash the orc priest.
The orc priest is burned terribly!
The orc priest is heavily wounded.
The adder hisses angrily.
The orc priest hits you with a +0 hand axe.
The orc priest mumbles some strange prayers to Beogh against you.
Beogh smites you!
* * * LOW HITPOINT WARNING * * *
Casting: Scorch (safe; 4% risk of failure)
Confirm with . or Enter, or press ? or * to list all spells.
You feel a surge of power!
Flames lash the orc priest.
The orc priest is burned terribly!
You kill the orc priest!
The adder barely misses you. The adder bites you but does no damage.
The adder closely misses you. The orc hits you but does no damage.
Casting: Scorch (safe; 4% risk of failure)
Confirm with . or Enter, or press ? or * to list all spells.
You feel a surge of power!
You miscast Scorch.
You are very lightly contaminated with residual magic.
Nothing appears to happen.
The adder bites you but does no damage. The orc barely misses you.
Casting: Scorch (safe; 4% risk of failure)
Confirm with . or Enter, or press ? or * to list all spells.
You feel a surge of power!
Flames lash the adder.
You kill the adder!
The orc barely misses you. The orc barely misses you.
Casting: Scorch (safe; 4% risk of failure)
Confirm with . or Enter, or press ? or * to list all spells.
You feel a surge of power!
Flames lash the orc.
The orc is lightly wounded.
The orc's fire resistance burns away.
The orc hits you with a +0 flail.
You die...

...###.#
♣.♣..#.#
♣♣.#.#.
♣♣..# ♣(.#
♣♣.# . ♣#.#
... ♣..#
.....#######
♣#.#
......o@...#
♣ ♣#.#
......†....#
♣♣♣..#
##.........#
.....#
#.........#
..##.#
#.........#
.....#
+......?..#
######
#.........#
..
..........#
###


You could see an orc (combustible).

Vanquished Creatures
  An orc priest (D:3)
  5 adders
  A worm (D:2)
  2 dart slugs
  2 orcs (D:3)
  2 bats
  10 endoplasms
  A giant cockroach (D:3)
  3 goblins
  4 hobgoblins
  8 kobolds
  2 ball pythons
  A frilled lizard (D:2)
  3 rats
45 creatures vanquished.

Vanquished Creatures (others)
  175 foxfires
175 creatures vanquished.

Grand Total: 220 creatures vanquished

Notes
Turn   | Place    | Note
-------+----------+-------------------------------------------
     0 | D:1      | kae the Demigod Fire Elementalist began the quest for the
                  | Orb.
     0 | D:1      | Reached XP level 1. HP: 14/14 MP: 5/5
    81 | D:1      | Reached skill level 1 in Conjurations
   415 | D:1      | Reached skill level 3 in Fire Magic
   415 | D:1      | Reached XP level 2. HP: 22/22 MP: 4/7
  1541 | D:2      | Reached skill level 1 in Fighting
  1541 | D:2      | Reached XP level 3. HP: 28/28 MP: 5/8
  2075 | D:2      | Learned a level 2 spell: Scorch
  2725 | D:2      | Reached XP level 4. HP: 28/35 MP: 6/10
  3179 | D:3      | Slain by an orc

Illustrated notes

Levels and vault maps discovered:
D:1:      saegor_arrival_simple_c, layout_basic, minmay_tree_intersection
D:2:      layout_loops_ring, basic_altar, serial_aquarium,
          aquarium_bridge_long_separate [aquarium_subvault_window,
          aquarium_subvault_bridge, aquarium_subvault_wall,
          aquarium_subvault_bridge, aquarium_subvault_bridge,
          aquarium_subvault_bridge], aquarium_window_corridor_1,
          aquarium_window_fake, aquarium_window_corner, aquarium_window_corner,
          aquarium_view_2c, aquarium_view_2d, aquarium_pool_2,
          minmay_pentomino_q2
D:3:      layout_basic, chequers_ecumenical_altar_grove, corexii_corridor_pit,
          uniq_ijyb

Skill      XL: |  1  2 |
---------------+-------+-----
Conjurations   | 1 |  1.9
Fire Magic     | 3 |  3.8
Spellcasting   | 2 |  2.5
Fighting       | 1 |  1.6
Dodging        | |  1.7
Stealth        | |  1.7

Action                   |  1- 3 |  4- 6 || total
-------------------------+-------+-------++-------
Melee: Unarmed           |    11 |       ||    11
       Dagger            |     1 |       ||     1
 Cast: Foxfire           |    96 |    10 ||   106
       Scorch            |     3 |     7 ||    10
  Use: Scroll            |     9 |     2 ||    11
       Potion            |       |     1 ||     1
Armor: Robe              |    10 |     3 ||    13
Dodge: Dodged            |    52 |     5 ||    57

Table legend: (Time is in decaauts)
 A = Elapsed time spent in this place.
 B = Non-inter-level travel time spent in this place.
 C = Inter-level travel time spent in this place.
 D = Time resting spent in this place.
 E = Time spent auto-exploring this place.
 F = Levels seen in this place.
 G = Mean time per level.
                   A        B        C        D        E       F      G
               +--------+--------+--------+--------+--------+-----+--------+
         Total |   3178 |   3135 |     43 |     44 |   2693 |   3 | 1059.3 |
       Dungeon |   3178 |   3135 |     43 |     44 |   2693 |   3 | 1059.3 |
               +--------+--------+--------+--------+--------+-----+--------+

Top non-repeatable levels by time:
     D:2: 1745 daAuts
     D:1: 1280 daAuts
     D:3: 152 daAuts
